 Dungeon Crawl Stone Soup version 0.29.1-15-g9cfb28693d (webtiles) character file.

Game seed: 2041242300912818811

9888 Gustavia the Cruncher (level 11, -1/106 HPs)
             Began as a Minotaur Hunter on Mar 22, 2023.
             Was a Priest of Wu Jian.
             Slain by a sixfirhy (12 damage)
             ... summoned by an orc high priest
             ... on level 1 of the Orcish Mines.
             The game lasted 01:04:11 (11855 turns).

Gustavia the Cruncher (Minotaur Hunter)            Turns: 11855, Time: 01:04:12

Health: -1/106     AC: 17    Str: 18    XL:     11   Next: 28%
Magic:  10/10      EV:  7    Int:  6    God:    Wu Jian [***...]
Gold:   1478       SH:  0    Dex: 16    Spells: 10/10 levels left

rFire   . . .      SeeInvis .   g - +6 lajatang (spect)
rCold   . . .      Faith    .   (shield currently unavailable)
rNeg    . . .      Spirit   .   i - +0 plate armour
rPois   .          Reflect  .   e - +0 hat
rElec   .          Harm     .   j - +0 cloak
rCorr   .          Rampage  .   (no gloves)
Will    +....      Rage     3%  r - +0 pair of boots
Stlth   ..........              (no amulet)
HPRegen 0.27/turn               c - ring of willpower
MPRegen 0.12/turn               (no ring)

@: confused, mighty, ambrosia-drunk
A: horns 2, retaliatory headbutt, large bone plates 1, berserk 1, robust 1,
subdued magic 1
a: Renounce Religion, Wall Jump, Serpent's Lash


You were on level 1 of the Orcish Mines.
You worshipped Wu Jian.
Wu Jian was most pleased with you.
You visited 3 branches of the dungeon, and saw 12 of its levels.
You also visited: Sewer.

You collected 1576 gold pieces.
You spent 98 gold pieces at shops.

Inventory:

Hand Weapons
 g - a +6 spectral lajatang (weapon)
Armour
 e - a +0 hat (worn)
 i - a +0 plate armour (worn)
 j - a +0 cloak (worn)
 r - a +0 pair of boots (worn)
Jewellery
 a - a ring of flight
 c - a ring of willpower (left hand)
 d - an amulet of faith
 s - a ring of ice
 t - a ring of ice
 y - a ring of fire
Wands
 f - a wand of roots (11)
 k - a wand of mindburst (13)
 z - a wand of light (3)
 B - a wand of flame (16)
Scrolls
 b - a scroll of immolation
 h - a scroll of identify
 m - 3 scrolls of blinking
 u - a scroll of silence
 w - a scroll of fog
 x - a scroll of summoning
Potions
 l - 4 potions of attraction
 n - 2 potions of curing
 o - 2 potions of resistance
 p - a potion of magic
 q - a potion of brilliance
 v - 3 potions of haste
 A - a potion of flight
 C - a potion of cancellation
 D - a potion of lignification


   Skills:
 + Level 9.3 Fighting
 + Level 14.5 Staves
 + Level 7.1 Ranged Weapons
 + Level 9.6 Armour
 + Level 3.2 Dodging
 + Level 2.3 Stealth
 + Level 2.5 Shields


You had 10 spell levels left.
You didn't know any spells.
Your spell library contained the following spells:

 Spells                   Type           Power      Damage    Failure   Level
 Beastly Appendage        Tmut           0%         N/A       100%        1
 Sublimation of Blood     Necr           0%         N/A       100%        2
 Wereblood                Tmut           0%         N/A       100%        2
 Spider Form              Tmut/Pois      0%         N/A       100%        3
 Petrify                  Tmut/Erth      0%         N/A       100%        4
 Irradiate                Conj/Tmut      0%         3d11      100%        5


Dungeon Overview and Level Annotations

Branches:
Dungeon (10/15)            Temple (1/1) D:6            Lair (0/5) D:8
    Orc (1/2) D:9           Sewer (visited)

Altars:
Ashenzari
Cheibriados
Dithmenos
Elyvilon
Fedhas
Gozag
Hepliaklqana
Kikubaaqudgha
Makhleb
Nemelex Xobeh
Okawaru
Qazlal
Ru
Sif Muna
Trog
Uskayaw
Vehumet
Wu Jian
Xom
Yredelemnul
Zin
The Shining One

Shops:
D:4 !*:[   D:10 (


Innate Abilities, Weirdness & Mutations

You have a pair of horns on your head.
You reflexively headbutt those who attack you in melee.
You are partially covered in large bone plates. (SH +4)
You sometimes lose your temper in combat.
You are robust. (+10% HP)
Your spells are a little easier to cast, but a little less powerful.


Message History

The orc warrior is almost dead.
Your +6 spectral lajatang hits the orc warrior.
You kill the orc warrior!
The Council accepts your kill.
The warg bites your +6 spectral lajatang!
Your spectral weapon shares its damage with you!
The orc warrior hits you with a +0 war axe!
The orc warrior closely misses your +6 spectral lajatang.
The orc wizard gestures at you while chanting.
The puff of flame hits you! You block the troll's attack. The troll claws you!
The troll claws you.
You slice the troll!! You headbutt the troll!
You kill the troll!
The Council accepts your kill.
The troll leather armour is intact enough to wear.
You are confused.
You feel invigorated. The warg barely misses you.
You bump into the stone wall.
The warg bites you but does no damage. The orc warrior closely misses you.
The orc warrior hits you but does no damage.
The orc hits you but does no damage. The warg bites you!
You're too confused to move!
The orc warrior hits you from afar with a +0 trident.
The orc hits you with a +0 club.
The orc warrior hits you with a +0 war axe!!
The warg closely misses you.
You bump into the stone wall.
The orc warrior hits you from afar with a +0 trident!!
* * * LOW HITPOINT WARNING * * *
The orc warrior hits you with a +0 war axe!
* * * LOW HITPOINT WARNING * * *
The warg bites you.
* * * LOW HITPOINT WARNING * * *
You slice the orc warrior!!
The orc warrior is severely wounded.
Your +6 spectral lajatang hits the orc warrior!
The sixfirhy hits you!
* * * LOW HITPOINT WARNING * * *
The sixfirhy shocks you!
You die...

#############
##...#.#.....#.#
#...............
#..............
##..##............8.
.........#...8..8...
..........))..^....
#........(o3......
##^......#@hoo8...
#........#o8oo....
#...)....#ooo.....
##..)#†...#....8...
#.$...)...#.8......
....#..).....#........
... ##....####....8...
. ##....# #.8......
####....##


You could see an orc warlord, an orc high priest (strong), a sixfirhy
(summoned), a warg, 3 orc warriors, an orc wizard (strong), 3 orcs and a
friendly +6 spectral lajatang (summoned).

Vanquished Creatures
  A fire dragon (D:10)
  An ettin (Orc:1)
  A centaur warrior (D:10)
  A tengu warrior (D:10)
  An orc sorcerer (Orc:1)
  Maggie (D:6)
  A kobold demonologist (D:10)
  2 komodo dragons (D:8)
  2 trolls (Orc:1)
  Grinder (D:3)
  A hornet (D:6)
  Sigmund (D:5)
  A wyvern (D:10)
  A steam dragon (D:8)
  Eustachio (D:4)
  2 wargs (Orc:1)
  Edmund (D:6)
  3 water moccasins (D:8)
  Pargi (Sewer)
  9 orc warriors
  3 ice beasts
  An ogre (Orc:1)
  A centaur (D:9)
  A phantom (D:5)
  4 kobold brigands
  Blork the orc (D:6)
  4 bullfrogs
  A gnoll sergeant (D:6)
  2 scorpions
  A necrophage (D:5)
  4 wights (D:9)
  9 killer bees
  9 orc priests
  A hound (D:4)
  A gnoll bouda (D:6)
  Crazy Yiuf (D:4)
  2 iguanas
  12 orc wizards
  Natasha (thrice) (D:4)
  8 gnolls (D:6)
  11 adders
  A shadow imp (D:5)
  2 dart slugs
  52 orcs
  5 ball pythons
  8 endoplasms
  9 giant cockroaches
  10 goblins
  4 hobgoblins
  7 quokkas
  3 bats
  6 frilled lizards
  24 kobolds
  2 rats
246 creatures vanquished.

Vanquished Creatures (others)
  31 fungi (D:8)
  29 plants (D:8)
  5 toadstools (D:1)
65 creatures vanquished.

Grand Total: 311 creatures vanquished

Notes
Turn   | Place    | Note
-------+----------+-------------------------------------------
     0 | D:1      | Gustavia the Minotaur Hunter began the quest for the Orb.
     0 | D:1      | Reached XP level 1. HP: 18/18 MP: 0/0
   451 | D:1      | Found a faded altar of an unknown god.
   950 | D:1      | Reached XP level 2. HP: 25/25 MP: 1/1
   996 | D:1      | Reached skill level 5 in Ranged Weapons
  1412 | D:1      | Gained mutation: You have hidden genetic potential. [potion
                  | of mutation]
  1568 | D:2      | Reached skill level 1 in Stealth
  1568 | D:2      | Reached XP level 3. HP: 24/30 MP: 2/2
  1782 | D:2      | Gained mutation: You have sharp toenails. [hidden
                  | potential]
  2381 | D:2      | Reached XP level 4. HP: 24/38 MP: 3/3
  2761 | D:2      | Identified a scroll of acquirement
  2761 | D:2      | Acquired a +5 spectral lajatang
  3103 | D:3      | Noticed Grinder
  3110 | D:3      | Killed Grinder
  3111 | D:3      | Reached skill level 1 in Armour
  3111 | D:3      | Reached XP level 5. HP: 36/46 MP: 4/4
  3111 | D:3      | Reached XP level 6. HP: 41/52 MP: 5/5
  3119 | D:3      | Gained mutation: You are agile. (Dex +4, Str/Int -1)
                  | [hidden potential]
  3119 | D:3      | Lost mutation: You have hidden genetic potential. [hidden
                  | potential expressed]
  3420 | D:3      | Reached skill level 1 in Staves
  3572 | D:3      | Found an iron altar of Okawaru.
  3573 | D:3      | Found a shimmering altar of Xom.
  3925 | D:4      | Noticed Eustachio
  3934 | D:4      | Killed Eustachio
  3935 | D:4      | Reached skill level 2 in Staves
  3986 | D:4      | Found Hokhyem's Book Emporium.
  4015 | D:4      | Found Fanock's Assorted Antiques.
  4111 | D:4      | Noticed Natasha
  4115 | D:4      | Killed Natasha
  4116 | D:4      | Reached XP level 7. HP: 60/60 MP: 6/6
  4175 | D:4      | Found Miliz's Armour Shop.
  4178 | D:4      | Reached skill level 3 in Staves
  4268 | D:4      | Found a glowing drain.
  4283 | Sewer    | Entered a sewer
  4408 | Sewer    | Noticed Pargi
  4410 | Sewer    | Killed Pargi
  4411 | Sewer    | Reached skill level 4 in Staves
  4634 | D:4      | Noticed Natasha
  4637 | D:4      | Killed Natasha
  4647 | D:4      | Found a runed translucent door.
  4648 | D:4      | Noticed Crazy Yiuf
  4653 | D:4      | Killed Crazy Yiuf
  4736 | D:4      | Bought a scroll of identify for 34 gold pieces
  4736 | D:4      | Bought a glowing green potion for 15 gold pieces
  4736 | D:4      | Bought a fizzy white potion for 15 gold pieces
  4736 | D:4      | Bought a scroll of identify for 34 gold pieces
  4768 | D:4      | Reached skill level 5 in Staves
  4875 | D:4      | Found Acrap's Distillery.
  4980 | D:4      | Noticed Natasha
  4984 | D:4      | Killed Natasha
  4989 | D:4      | Lost mutation: You have sharp toenails. [potion of
                  | mutation]
  4989 | D:4      | Lost mutation: You are agile. (Dex +4, Str/Int -1) [potion
                  | of mutation]
  4989 | D:4      | Gained mutation: Armour fits poorly on your strangely
                  | shaped body. [potion of mutation]
  4989 | D:4      | Gained mutation: You are agile. (Dex +4, Str/Int -1)
                  | [potion of mutation]
  4991 | D:4      | Lost mutation: You are agile. (Dex +4, Str/Int -1) [potion
                  | of mutation]
  4991 | D:4      | Lost mutation: Armour fits poorly on your strangely shaped
                  | body. [potion of mutation]
  4991 | D:4      | Gained mutation: You are partially covered in large bone
                  | plates. (SH +4) [potion of mutation]
  4991 | D:4      | Gained mutation: You sometimes lose your temper in combat.
                  | [potion of mutation]
  4991 | D:4      | Gained mutation: Your spells are a little easier to cast,
                  | but a little less powerful. [potion of mutation]
  4991 | D:4      | Gained mutation: You are robust. (+10% HP) [potion of
                  | mutation]
  5197 | D:5      | Entered Level 5 of the Dungeon
  5508 | D:5      | Reached skill level 5 in Fighting
  5508 | D:5      | Reached skill level 6 in Staves
  5508 | D:5      | Reached XP level 8. HP: 74/74 MP: 7/7
  5621 | D:5      | Noticed Sigmund
  5627 | D:5      | Killed Sigmund
  5728 | D:5      | Reached skill level 7 in Staves
  5899 | D:6      | Noticed a hornet
  5903 | D:6      | Paralysed by a hornet for 3 turns
  5906 | D:6      | Killed a hornet
  5913 | D:6      | Reached skill level 8 in Staves
  6129 | D:6      | Noticed Blork the orc
  6129 | D:6      | Noticed Edmund
  6148 | D:6      | Killed Blork the orc
  6156 | D:6      | Killed Edmund
  6157 | D:6      | Reached skill level 5 in Armour
  6350 | D:6      | Found a staircase to the Ecumenical Temple.
  6356 | Temple   | Entered the Ecumenical Temple
  6755 | Temple   | Became a worshipper of the Wu Jian Council
  6877 | D:6      | HP: 2/78 [poisoned by you (poison gas)]
  7218 | D:6      | Noticed Maggie
  7230 | D:6      | Reached XP level 9. HP: 79/84 MP: 8/8
  7236 | D:6      | Reached skill level 9 in Staves
  7310 | D:6      | Killed Maggie
  7324 | D:6      | Reached skill level 1 in Shields
  7334 | D:6      | Reached * piety under Wu Jian
  8667 | D:7      | Reached skill level 10 in Staves
  9116 | D:8      | Reached skill level 11 in Staves
  9146 | D:8      | Noticed a komodo dragon
  9154 | D:8      | Killed a komodo dragon
  9154 | D:8      | Reached ** piety under Wu Jian
  9155 | D:8      | Reached XP level 10. HP: 59/96 MP: 9/9
  9158 | D:8      | Found a staircase to the Lair.
  9173 | D:8      | You fall into a shaft and drop 2 floors!
  9173 | D:10     | Entered Level 10 of the Dungeon
  9374 | D:10     | Acquired 656 gold pieces
  9598 | D:10     | Found Gistravvoch's Weapon Shop.
  9611 | D:10     | Reached skill level 12 in Staves
  9947 | D:10     | Noticed a centaur warrior
  9955 | D:10     | Killed a centaur warrior
  9955 | D:10     | Noticed a tengu warrior
  9961 | D:10     | Killed a tengu warrior
  9962 | D:10     | Reached skill level 13 in Staves
  9965 | D:10     | Noticed a fire dragon
  9976 | D:10     | Killed a fire dragon
 11337 | D:9      | Reached *** piety under Wu Jian
 11635 | D:9      | Found a staircase to the Orcish Mines.
 11640 | Orc:1    | Entered Level 1 of the Orcish Mines
 11640 | Orc:1    | Noticed an ettin
 11649 | Orc:1    | Killed an ettin
 11650 | Orc:1    | Reached skill level 14 in Staves
 11650 | Orc:1    | Reached XP level 11. HP: 102/106 MP: 10/10
 11665 | Orc:1    | Noticed an orc sorcerer
 11674 | Orc:1    | Killed an orc sorcerer
 11843 | Orc:1    | Noticed an orc warlord
 11846 | Orc:1    | Noticed an orc high priest
 11849 | Orc:1    | Noticed a sixfirhy
 11855 | Orc:1    | Slain by a sixfirhy

Illustrated notes

Levels and vault maps discovered:
D:1:      amcnicky_arrival_underground_garden, layout_loops_corners,
          hellmonk_ecumenical_altar_run_dry, minmay_gold_behind_fungi,
          chequers_decorated_corner, minmay_pentomino_u4
D:2:      minmay_chambers_of_twos, layout_loops_cross, serial_aquarium,
          aquarium_bridge_island_small [aquarium_subvault_small_water,
          aquarium_subvault_bridge, aquarium_subvault_bridge,
          aquarium_subvault_bridge, aquarium_subvault_wall], aquarium_window_1,
          aquarium_window_fake, aquarium_view_2b, aquarium_view_2a
D:3:      layout_loops_ring, nicolae_overflow_hidden_temple, uniq_grinder
D:4:      layout_loops_corners, serial_shops, nicolae_shop_trees,
          nicolae_shop_window_shopping, nicolae_shop_hallway_plus,
          nicolae_shop_advertising_works [nicolae_subvault_shop_adworks],
          portal_sewer_entry_f, uniq_natasha, uniq_crazy_yiuf_cottage,
          uniq_eustachio
D:5:      layout_loops_cross, uniq_sigmund
D:6:      layout_rooms, minmay_temple_entry_enclosed_plants, uniq_blork_the_orc,
          uniq_maggie, uniq_edmund
D:7:      nicolae_cairo_tiling_very_big, layout_gridville, minivault_10
D:8:      layout_rooms, due_lair_maze_entry_diamond
D:9:      layout_roguey, hiddenorc1_lemuel, minmay_mirror_moons_of_madness
D:10:     minmay_cornered_nines, layout_layer_cave, serial_shops,
          nicolae_shop_crystal
Temple:   nicolae_temple_bog_church
Orc:1:    layout_diamond_mine, bh_open_orc_temple, uniq_maurice

Skill      XL: |  1  2  3  4  5  6  7  8  9 10 |
---------------+-------------------------------+-----
Ranged Weapons | 5 6 7 |  7.1
Stealth        | 1 2 |  2.3
Fighting       | 3 4 5 6 7 9 |  9.3
Armour         | 1 2 3 5 7 9 |  9.6
Staves         | 2 6 8 11 14 | 14.5
Dodging        | 3 |  3.2
Shields        | 1 2 |  2.5

Action                   |  1- 3 |  4- 6 |  7- 9 | 10-12 || total
-------------------------+-------+-------+-------+-------++-------
Melee: Lajatang          |       |    38 |   164 |   119 ||   321
       Headbutt          |       |     7 |    33 |     9 ||    49
       Kick              |       |     7 |     6 |       ||    13
 Fire: Shortbow          |    85 |    10 |       |       ||    95
Invok: Lunge             |       |       |    15 |    10 ||    25
       Whirlwind         |       |       |     2 |     2 ||     4
  Use: Scroll            |     5 |     5 |    12 |     8 ||    30
       Potion            |     3 |     3 |     4 |     5 ||    15
 Stab: Distracted        |       |       |     1 |       ||     1
Armor: Leather armour    |     1 |       |       |       ||     1
       Robe              |     1 |       |       |       ||     1
       Plate armour      |       |     9 |    67 |    53 ||   129
       Scale mail        |       |     8 |       |       ||     8
Dodge: Dodged            |    36 |    14 |    37 |    25 ||   112
Block: Other             |       |       |    23 |    14 ||    37
